 Dungeon Crawl Stone Soup version 0.29.1-1-gd02db6906a (webtiles) character file.

Game seed: 2488464711134287940

179 Godmorgon the Magician (level 5, 0/38 HPs)
             Began as a Djinni Ice Elementalist on Oct 2, 2022.
             Slain by an orc priest
             ... wielding a +0 club
              (2 damage)
             ... on level 4 of the Dungeon.
             The game lasted 00:15:44 (4167 turns).

Godmorgon the Magician (Djinni Ice Elementalist)    Turns: 4167, Time: 00:15:45

Health: 0/38       AC:  8    Str:  7    XL:     5   Next: 90%
Gold:   122        EV: 13    Int: 19    God:
                   SH:  0    Dex: 19

rFire   + + .      SeeInvis .   d - +0 short sword
rCold   x . .      Faith    .   (no shield)
rNeg    . . .      Spirit   .   k - +0 leather armour
rPois   ∞          Reflect  .   b - +0 helmet
rElec   .          Harm     .   (no cloak)
rCorr   .          Rampage  .   (no gloves)
Will    .....                   (boots unavailable)
Stlth   ++........              (no amulet)
HPRegen 0.12/turn               h - +6 ring of dexterity
MPRegen 0.00/turn               u - ring of wizardry

@: ice-armoured, flying
A: sickness immunity, fire resistance 2, cold vulnerability 1, float, innate
caster, HP casting, extra vitality 1
a: no special abilities


You were on level 4 of the Dungeon.
You visited 1 branch of the dungeon, and saw 4 of its levels.

You collected 122 gold pieces.

Inventory:

Hand Weapons
 d - a +0 short sword (weapon)
Missiles
 m - 2 poisoned darts (quivered)
Armour
 a - a +0 robe
 b - a +0 helmet (worn)
 k - a +0 leather armour (worn)
Jewellery
 e - an amulet of faith
 h - a +6 ring of dexterity (left hand)
 u - a ring of wizardry (right hand)
Wands
 p - a wand of digging (5)
Scrolls
 g - a scroll of magic mapping {unknown}
 i - 2 scrolls of identify {unknown}
 j - a scroll of enchant armour {unknown}
 o - a scroll of summoning {unknown}
 r - a scroll of enchant weapon {unknown}
Potions
 c - 3 potions of might {unknown}
 f - 2 potions of attraction {unknown}
 l - 5 potions of curing {unknown}
 n - a potion of ambrosia {unknown}
 q - 2 potions of heal wounds {unknown}
 s - a potion of cancellation {unknown}
 t - 2 potions of berserk rage {unknown}
 v - a potion of flight {unknown}


   Skills:
 + Level 2.2 Fighting
 * Level 1.6 Armour
 * Level 3.2 Dodging
 - Level 1.5 Stealth
 * Level 4.2 Spellcasting


You couldn't memorise any spells.
You knew the following spells:

 Your Spells              Type           Power      Damage    Failure   Level
a - Ozocubu's Armour      Ice            20%        N/A       4%          3
b - Blink                 Tloc           40%        N/A       2%          2
f - Freeze                Ice            80%        1d9       1%          1
h - Hailstorm             Conj/Ice       20%        3d6       14%         4
r - Frozen Ramparts       Ice            40%        1d7       4%          3
A - Apportation           Tloc           40%        N/A       1%          1
Your spell library was empty.

Dungeon Overview and Level Annotations

Branches:
Dungeon (4/15)             Temple (0/1) D:4

Altars:
Fedhas
Xom

Annotations:
D:3 Grinder


Innate Abilities, Weirdness & Mutations

You are immune to sickness and miasma.
You are immune to poison.
Your flesh is very heat resistant. (rF++)
You are vulnerable to cold. (rC-)
You float through the air rather than walking.
You learn spells naturally, not from books.
Your magical power is your life essence.
You have superior vitality. (+4 MHP)


Message History

The wall freezes the orc priest but does no damage.
The orc hits you with a +0 hand axe.
The wall freezes the orc.
You kill the orc!
Casting: Ozocubu's Armour (dangerous; 4% risk of failure)
Confirm with . or Enter, or press ? or * to list all spells.
Aiming: Freeze (safe; 1% risk of failure)
Press: ? - help, Shift-Dir - straight line, f - orc
Aim: an orc, wielding a +0 hand axe (heavily wounded)
You freeze the orc!
You kill the orc!
The wall freezes the orc priest but does no damage.
The orc priest invokes the aid of Beogh against you.
Pain shoots through your body!
Okay, then.
Okay, then.
Unknown command.
Throw: 3 darts (poison)
Press: ? - help, Q - select action, (/) - cycle Shift-Dir - straight line, f - orc priest
Aim: an orc priest, wielding a +0 club and wearing a +0 leather armour (62% to hit)
You throw a poisoned dart. The poisoned dart hits the orc priest.
The orc priest is poisoned.
The frozen ramparts melt away.
You hit the orc priest.
The orc priest is moderately wounded.
The orc priest calls down the wrath of Beogh upon you.
Beogh smites you!
* * * LOW HITPOINT WARNING * * *
Casting: Freeze (safe; 1% risk of failure)
Confirm with . or Enter, or press ? or * to list all spells.
You don't have enough health to cast this spell.
Casting: Freeze (safe; 1% risk of failure)
Confirm with . or Enter, or press ? or * to list all spells.
Aiming: Freeze (safe; 1% risk of failure)
Press: ? - help, Shift-Dir - straight line, f/p - orc priest
Aim: an orc priest, wielding a +0 club and wearing a +0 leather armour (moderately wounded, poisoned)
You freeze the orc priest.
The orc priest is severely wounded.
* * * LOW HITPOINT WARNING * * *
The orc priest hits you with a +0 club.
You die...

#..........#.
#..##...##...
..##...##...
#.........#
...####....>....##
.........(......#
#..##..##o).## #..#
#.##@).##..
#..###.........#
###.......#....###
#.##.........#....#
.......[..........#
.##.................
#.........###....##
#........## #..##
##.......## ..#


You could see an orc priest (poisoned).

Vanquished Creatures
  Terence (D:3)
  Natasha (twice) (D:3)
  A gnoll (D:1)
  An adder (D:3)
  A worm (D:3)
  5 dart slugs
  9 orcs
  4 ball pythons
  7 bats
  5 endoplasms
  3 giant cockroaches
  6 goblins (D:1)
  3 hobgoblins
  7 kobolds
  4 quokkas
  2 frilled lizards
  A rat (D:1)
62 creatures vanquished.

Vanquished Creatures (others)
  11 plants (D:1)
11 creatures vanquished.

Grand Total: 73 creatures vanquished

Notes
Turn   | Place    | Note
-------+----------+-------------------------------------------
     0 | D:1      | Godmorgon the Djinni Ice Elementalist began the quest for
                  | the Orb.
     0 | D:1      | Godmorgon set off with the following spells memorised:
                  | Freeze, Frozen Ramparts, Ozocubu's Armour, Hailstorm.
     0 | D:1      | Reached XP level 1. HP: 15/15 MP: 0/0
     5 | D:1      | Found a faded altar of an unknown god.
   395 | D:1      | Reached XP level 2. HP: 10/22 MP: 0/0
   842 | D:1      | Reached skill level 1 in Fighting
   976 | D:1      | Reached XP level 3. HP: 7/27 MP: 0/0
   976 | D:1      | Learned a level 1 spell: Apportation
  2303 | D:2      | Reached XP level 4. HP: 29/32 MP: 0/0
  2740 | D:3      | Reached skill level 4 in Spellcasting
  3426 | D:3      | Found a blossoming altar of Fedhas.
  3426 | D:3      | Noticed Grinder
  3445 | D:3      | Paralysed by Grinder for 2 turns
  3600 | D:3      | Reached skill level 1 in Armour
  3769 | D:3      | Found a shimmering altar of Xom.
  3823 | D:3      | Noticed Terence
  3824 | D:3      | Noticed Natasha
  3830 | D:3      | Killed Terence
  3831 | D:3      | Reached XP level 5. HP: 25/38 MP: 0/0
  3831 | D:3      | Learned a level 2 spell: Blink
  3831 | D:3      | Killed Natasha
  3998 | D:3      | Noticed Natasha
  4004 | D:3      | Killed Natasha
  4150 | D:4      | Found a staircase to the Ecumenical Temple.
  4167 | D:4      | Slain by an orc priest

Illustrated notes

Levels and vault maps discovered:
D:1:      reono_arrival_forest_river, layout_loops_ring, basic_ecumenical_altar,
          nicolae_grassy_gnolls
D:2:      layout_basic
D:3:      layout_loops_cross, mainiacjoe_overflow_brackets,
          mainiacjoe_overflow_alcove_1, lightli_corner_chamber, uniq_grinder,
          uniq_natasha, uniq_terence
D:4:      layout_layer_cave, nicolae_hepliaklqana_hazy_memory,
          minmay_temple_entry_stoned_glass, cheibrodos_sewer_entry_bend

Skill      XL: |  1  2  3  4 |
---------------+-------------+-----
Fighting       | 1 2 |  2.2
Spellcasting   | 4 |  4.2
Armour         | 1 |  1.6
Dodging        | 3 |  3.2
Stealth        | |  1.5

Action                   |  1- 3 |  4- 6 || total
-------------------------+-------+-------++-------
Melee: Dagger            |     8 |       ||     8
       Short sword       |    17 |    12 ||    29
Throw: Dart              |       |     2 ||     2
 Cast: Freeze            |    52 |    46 ||    98
       Apportation       |     1 |     2 ||     3
       Frozen Ramparts   |       |     4 ||     4
       Ozocubu's Armour  |       |     3 ||     3
 Stab: Sleeping          |       |     3 ||     3
Armor: Robe              |    14 |       ||    14
       Leather armour    |       |    11 ||    11
Dodge: Dodged            |    52 |    28 ||    80
